 Dungeon Crawl Stone Soup version 0.25-a0-443-gece2dee8bd (webtiles) character file.

Game seed: 2415774030184091674, levelgen mode: deterministic

32 BeastOfSaturn the Grasshopper (level 3, -1/27 HPs)
             Began as a Demonspawn Warper on Jan 30, 2020.
             Slain by a worm (10 damage)
             ... on level 2 of the Dungeon.
             The game lasted 00:05:16 (1123 turns).

BeastOfSaturn the Grasshopper (Demonspawn Warper)   Turns: 1123, Time: 00:05:16

Health: -1/27      AC:  3    Str: 12    XL:     3   Next: 8%
Magic:  6/6        EV: 12    Int: 14    God:
Gold:   44         SH:  0    Dex: 12    Spells: 6/6 levels left

rFire    . . .     SeeInvis .   a - +0 short sword
rCold    . . .     Gourm    .   (no shield)
rNeg     . . .     Faith    .   b - +0 leather armour
rPois    .         Spirit   .   (no helmet)
rElec    .         Reflect  .   (no cloak)
rCorr    .         Harm     .   (no gloves)
MR       .....                  (no boots)
Stlth    +.........             (no amulet)
HPRegen  0.09/turn              (no ring)
MPRegen  0.10/turn              (no ring)

@: no status effects
A: powered by pain 1
a: no special abilities


You were on level 2 of the Dungeon.
You were not hungry.

You visited 1 branch of the dungeon, and saw 2 of its levels.

You collected 44 gold pieces.

Inventory:

Hand Weapons
 a - a +0 short sword (weapon)
Missiles
 e - 3 boomerangs of dispersal (quivered)
Armour
 b - a +0 leather armour (worn)
Scrolls
 c - 3 scrolls of enchant weapon {unknown}
 d - a scroll of blinking
 f - a scroll of amnesia {unknown}
 g - 2 scrolls of remove curse {unknown}
 h - 2 scrolls of identify {unknown}
 j - a scroll of teleportation {unknown}
Potions
 i - a potion of flight {unknown}
 k - a potion of lignification {unknown}


   Skills:
 + Level 2.2 Fighting
 + Level 2.3 Short Blades
 + Level 0.8 Throwing
 + Level 1.2 Armour
 * Level 2.2 Dodging
 + Level 2.2 Spellcasting
   Level 2.6 Translocations


You had 6 spell levels left.
You didn't know any spells.
Your spell library contained the following spells:

 Spells                   Type           Power        Failure   Level  Hunger
 Blink                    Tloc           N/A          16%         2    ###....
 Shroud of Golubria       Chrm/Tloc      #.....       26%         2    ###....
 Gell's Gravitas          Tloc           #.........   30%         3    ###....
 Lesser Beckoning         Tloc           #.........   30%         3    ###....
 Teleport Other           Tloc           #.......     30%         3    ###....
 Passage of Golubria      Tloc           N/A          69%         4    #####..


Dungeon Overview and Level Annotations

Branches:
Dungeon (2/15)

Altars:


Innate Abilities, Weirdness & Mutations

You sometimes gain a little power by taking damage.


Message History

You closely miss the hobgoblin.
The hobgoblin is moderately wounded.
The hobgoblin hits you with a +0 club.
You hit the hobgoblin.
The hobgoblin is heavily wounded.
The hobgoblin hits you with a +0 club.
You hit the hobgoblin.
The hobgoblin is severely wounded.
The hobgoblin closely misses you.
You hit the hobgoblin.
You kill the hobgoblin!
You hit the worm but do no damage. You hit the worm.
The worm is lightly wounded.
The worm bites you!
You completely miss the worm. You hit the worm.
The worm is moderately wounded.
The worm bites you!
You die...

#.# #.# +.......#
#.# ###.......#
#.### .........#
#.#.# #.....(..#
#.#.####........#
#..<............#
#.#######.......#
#......@w.......#
#################


You could see a worm.

Vanquished Creatures
  A bat (D:1)
  A giant cockroach (D:1)
  6 goblins (D:1)
  4 hobgoblins
  3 jackals (D:1)
  A ball python (D:1)
  3 frilled lizards (D:1)
  6 kobolds (D:1)
  3 rats (D:1)
28 creatures vanquished.

Notes
Turn   | Place    | Note
-------+----------+-------------------------------------------
     0 | D:1      | BeastOfSaturn the Demonspawn Warper began the quest for the
                  | Orb.
     0 | D:1      | Reached XP level 1. HP: 16/16 MP: 3/3
    93 | D:1      | Gained mutation: You sometimes gain a little power by
                  | taking damage. [demonic ancestry]
    93 | D:1      | Reached XP level 2. HP: 14/22 MP: 5/5
   424 | D:1      | Reached skill level 1 in Armour
   725 | D:1      | Reached XP level 3. HP: 27/27 MP: 6/6
  1123 | D:2      | Slain by a worm

Levels and vault maps discovered:
D:1:      dpeg_arrival_rooms_with_view, layout_loops_ring, corexii_corridor_pit,
          st_stairs_3
D:2:      layout_basic

Skill      XL: |  1  2 |
---------------+-------+-----
Short Blades   | 2 |  2.3
Dodging        | 2 |  2.2
Armour         | 1 |  1.2
Fighting       | |  2.2
Throwing       | |  0.8
Spellcasting   | |  2.2
Translocations | |  2.6

Action                   || total
-------------------------++-------
Melee: Short sword       ||    95
Throw: Boomerang         ||     2
  Eat: Ration            ||     1
Armor: Leather armour    ||    17
Dodge: Dodged            ||    58

Table legend:
 A = Non-vault XP
 B = Vault XP
 C = Vault XP percentage of total XP
 D = Non-vault monster count
 E = Vault monster count
 F = Vault count percentage of total count
                 A         B        C        D         E       F
            +---------+---------+-------+---------+---------+-------
      Total |      36 |      10 |  21.7 |      22 |       6 |  21.4
            +---------+---------+-------+---------+---------+-------
        D:1 |      34 |      10 |  22.7 |      21 |       6 |  22.2
        D:2 |       2 |       0 |   0.0 |       1 |       0 |   0.0
            +---------+---------+-------+---------+---------+-------
